[Event "*** Titled Tuesday Blitz"]
[Site "Chess.com"]
[Date "2018.12.04"]
[Round "9"]
[White "ShadowJolteon"]
[Black "WinnerOleg"]
[Result "0-1"]
[WhiteElo "2415"]
[BlackElo "2361"]
[TimeControl "180+2"]
[EndTime "15:09:06 PST"]
[Termination "WinnerOleg won by resignation"]

1. d4 Nf6 2. c4 e6 3. g3 d5 4. Nf3 Be7 5. Bg2 O-O 6. O-O c6 7. Qc2 Nbd7 8. Nbd2 Re8 9. Rd1 a5 10. e4 dxe4 11. Nxe4 Nxe4 12. Qxe4 a4 13. Bf4 Qb6 14.
Qc2 Nf8 15. Ne5 Ng6 16. Nxg6 hxg6 17. h3 Bf6 18. c5 Qd8 19. h4 g5 20. hxg5 Bxg5 21.
Bd6 Be7 22. Bf4 Bg5 23. Bd6 Be7 24. Be5 Bf6 25. f4 Be7 26. Be4 a3 27. Qh2 f5 28.
Bf3 axb2 29. Qxb2 Bf6 30. g4 Bxe5 31. dxe5 Qh4 32. Qg2 fxg4 33. Bxg4 Ra3 34. Bf3 Qxf4 35. Rf1 Rf8 36. Rae1 Rxf3 0-1

[Event "*** Titled Tuesday Blitz"]
[Site "Chess.com"]
[Date "2018.12.04"]
[Round "9"]
[White "djano"]
[Black "Iyael"]
[Result "1-0"]
[WhiteElo "2349"]
[BlackElo "2115"]
[TimeControl "180+2"]
[EndTime "15:09:13 PST"]
[Termination "djano won by resignation"]

1. c4 Nf6 2. Nc3 g6 3. g3 Bg7 4.
Bg2 d6 5. e4 O-O 6. Nge2 c5 7. d3 Nc6 8. O-O e5 9. h3 Nd4 10. f4 a6 11. g4 Rb8 12. f5 b5 13.
b3 bxc4 14. bxc4 Bd7 15. Ng3 h6 16. g5 hxg5 17. Bxg5 Qa5 18. Qd2 Nh7 19. Be7 Rfe8 20. Bxd6 Rb7 21. fxg6 fxg6 22. Rf2 Re6 23. Bxc5 Qxc5 24.
Nd5 Nf6 25. Raf1 Ne8 26. Kh2 Kh7 27. Qg5 Bc6 28. h4 Bh6 29. Qg4 Bxd5 30. exd5 Ree7 31.
Be4 Rb6 32. h5 Bf4 33. Bxg6+ Kh8 34. Kh1 Nf6 35. Qh4 Ng8 36. Ne4 Qc7 37. c5 Rb8 38. d6 1-0

[Event "*** Titled Tuesday Blitz"]
[Site "Chess.com"]
[Date "2018.12.04"]
[Round "9"]
[White "AndrewMcStone"]
[Black "PawnEatingZombie"]
[Result "1/2-1/2"]
[WhiteElo "2130"]
[BlackElo "2208"]
[TimeControl "180+2"]
[EndTime "15:09:17 PST"]
[Termination "Game drawn by repetition"]

1. d4 d5 2. c4 e6 3. Nc3 Bb4 4.
a3 Bxc3+ 5. bxc3 c6 6. e3 Nf6 7.
Bd3 O-O 8. Qc2 b6 9. cxd5 cxd5 10. Nf3 Ba6 11. O-O Bxd3 12. Qxd3 Nc6 13. c4 Rc8 14. cxd5 exd5 15. Bd2 Re8 16. Rfc1 Ne4 17. Be1 Qd6 18. Rc2 f6 19. Rac1 Ne7 20. Bb4 Rxc2 21. Qxc2 Qd7 22.
Qc7 Qe6 23. Bxe7 Rxe7 24. Qc8+ Kf7 25. Kf1 Qd6 26. Qc6 Qxc6 27. Rxc6 g5 28. Ke2 h5 29. Ne1 Re6 30. Rc7+ Re7 31. Rc6 Re6 32. Rc7+ Re7 33. Rc6 Re6 1/2-1/2

[Event "*** Titled Tuesday Blitz"]
[Site "Chess.com"]
[Date "2018.12.04"]
[Round "9"]
[White "Superfelix"]
[Black "snowlord"]
[Result "0-1"]
[WhiteElo "2396"]
[BlackElo "2622"]
[TimeControl "180+2"]
[EndTime "15:09:18 PST"]
[Termination "snowlord won by resignation"]

1. e4 c5 2. Nc3 Nc6 3. Bb5 Nd4 4. Nf3 e6 5. O-O a6 6. Bd3 Nc6 7. Re1 g5 8. h3 h5 9. Nh2 g4 10. hxg4 hxg4 11. Qxg4 Nf6 12. Qg3 Nh5 13. Qe3 Bh6 14. Qxc5 Nf4 15. Bf1 d6 16. Qc4 Ne5 17. Qd4 Qh4 18.
Re3 Bg7 19. Rh3 Nxh3+ 20. gxh3 Qg5+ 21. Kh1 Ng4 22. Qb6 Nxh2 23. d4 Qf6 24. Bg2 Qxf2 25.
Qxd6 Nf3 26. Bf4 Nh4 27. Rg1 Nxg2 28. Rxg2 Rxh3+ 29. Bh2 Qf1+ 30. Rg1 Qf3+ 31. Rg2 Bh6 32. Ne2 Bd7 33. Ng1 Rxh2+ 34. Kxh2 Bf4+ 35. Kh1 Qh5+ 36. Nh3 Qxh3+ 37. Kg1 Bxd6 38. Rg8+ Ke7 39. Rg4 Qxg4+ 0-1

[Event "*** Titled Tuesday Blitz"]
[Site "Chess.com"]
[Date "2018.12.04"]
[Round "9"]
[White "NateSolon"]
[Black "GMKrikor"]
[Result "0-1"]
[WhiteElo "2480"]
[BlackElo "2674"]
[TimeControl "180+2"]
[EndTime "15:09:23 PST"]
[Termination "GMKrikor won by checkmate"]

1. e4 c5 2. Nc3 e6 3. g3 d5 4. exd5 exd5 5. d4 cxd4 6. Qxd4 Nf6 7. Bg5 Be7 8. O-O-O Nc6 9. Qa4 O-O 10. Bxf6 Bxf6 11.
Nxd5 Be6 12. Bg2 Bxd5 13. Bxd5 Qb6 14. Qb3 Qxf2 15. Nh3 Qc5 16. Nf4 Nd4 17. Qc4 Qb6 18. c3 Rac8 19. Bxf7+ Kh8 20. Qd5 Nb5 21. Qh5 Rxf7 22.
Qxf7 Nxc3 23. Qe6 Nxa2+ 24. Kd2 Qxb2+ 25. Ke1 Rf8 26. Ng6+ hxg6 27. Qh3+ Kg8 28. Qe6+ Rf7 29. Qe8+ Kh7 30. Qxf7 Nc3 31. Qd7 Qe2# 0-1

[Event "*** Titled Tuesday Blitz"]
[Site "Chess.com"]
[Date "2018.12.04"]
[Round "9"]
[White "champ2005"]
[Black "GMWSO"]
[Result "0-1"]
[WhiteElo "2686"]
[BlackElo "2973"]
[TimeControl "180+2"]
[EndTime "15:09:25 PST"]
[Termination "GMWSO won by resignation"]

1. b3 e5 2. Bb2 Nc6 3. e3 Nf6 4. Nf3 e4 5. Nd4 Nxd4 6. Bxd4 d5 7. c4 Be7 8. Nc3 dxc4 9. Bxc4 O-O 10. O-O Bf5 11. Rc1 Bg6 12. Ne2 Bd6 13. Ng3 c6 14. Qc2 Re8 15. Qb2 Ng4 16. Be2 Ne5 17. f4 exf3 18.
gxf3 f6 19. f4 Nd3 20. Bxd3 Bxd3 21. Rf2 Qe7 22. Qa1 c5 23. Bc3 b5 24. Rg2 Bg6 25.
Kh1 Qb7 26. Rg1 Bf8 27. f5 Bf7 28. Bxf6 Bd5 29. e4 Rxe4 30. Nxe4 Bxe4 31. Bxg7 Bxg7 32. f6 Rf8 33. fxg7 Rf2 34. Qf1 Rxf1 0-1

[Event "*** Titled Tuesday Blitz"]
[Site "Chess.com"]
[Date "2018.12.04"]
[Round "9"]
[White "PelinGorki"]
[Black "Hikaru"]
[Result "0-1"]
[WhiteElo "2532"]
[BlackElo "3025"]
[TimeControl "180+2"]
[EndTime "15:09:29 PST"]
[Termination "Hikaru won by resignation"]

1. e4 g6 2. h4 c5 3. h5 Bg7 4. d3 Nc6 5. h6 Be5 6. Nf3 Bc7 7. Nc3 Ba5 8. Bd2 Nf6 9. Ng5 d6 10. Be2 Nd4 11. Nd5 Bxd2+ 12. Qxd2 e5 13. Bd1 Ne6 14. c4 Nxd5 15. Nxe6 fxe6 16. exd5 exd5 17.
Bf3 d4 18. O-O-O O-O 19. Bd5+ Kh8 20. Rhf1 Qf6 21. Rde1 g5 22. g3 Qxh6 23. Rh1 Qg6 24. Rh2 Bf5 25. Reh1 Qf6 26. Rh6 Qe7 27. Qe2 Rf6 28.
R6h5 Qg7 29. Be4 Bxe4 30. Qxe4 h6 31. R1h2 Re8 32. a3 Ree6 33. Kc2 a5 34. Kb3 Kg8 35. Qd5 Kf8 36. Qe4 Ke8 37. Qd5 Kd8 38. Qe4 Kc7 39. f3 Qf7 40. Rf2 Qxh5 0-1

[Event "*** Titled Tuesday Blitz"]
[Site "Chess.com"]
[Date "2018.12.04"]
[Round "9"]
[White "KenanGarayev"]
[Black "severomorskij"]
[Result "1-0"]
[WhiteElo "2787"]
[BlackElo "2762"]
[TimeControl "180+2"]
[EndTime "15:09:30 PST"]
[Termination "KenanGarayev won on time"]

1. d4 Nf6 2. c4 e6 3. Nc3 Bb4 4. f3 O-O 5. e4 d5 6. e5 Nfd7 7. cxd5 exd5 8. f4 c5 9. a3 Ba5 10. Be3 Nc6 11. Nf3 cxd4 12. Nxd4 Nb6 13. b4 Nxb4 14.
axb4 Bxb4 15. Qb3 a5 16. Bd3 Nc4 17. Bxc4 dxc4 18. Qc2 Qh4+ 19. Kf1 Rd8 20. Ncb5 Bd7 21. Qxc4 Rac8 22. Qe2 Rc5 23. Nf3 Bxb5 24. Nxh4 Bxe2+ 25. Kxe2 Rc2+ 26. Kf3 g6 27. Rhd1 Rxd1 28. Rxd1 Be7 29. Rd7 Bxh4 30. g3 a4 31. gxh4 Rb2 32. Rd8+ Kg7 33. e6 Kf6 34. Bd4+ Ke7 35. exf7 Rb3+ 36. Ke4 Kxf7 37. Rd7+ Ke6 38. Rxh7 a3 39. h5 a2 40. Rh8 gxh5 41. Ra8 1-0

[Event "*** Titled Tuesday Blitz"]
[Site "Chess.com"]
[Date "2018.12.04"]
[Round "9"]
[White "DishonorOnYourCow"]
[Black "lucasmito"]
[Result "1-0"]
[WhiteElo "2241"]
[BlackElo "2338"]
[TimeControl "180+2"]
[EndTime "15:09:31 PST"]
[Termination "DishonorOnYourCow won by resignation"]

1. d4 Nf6 2. c4 g6 3. Nc3 d5 4. cxd5 Nxd5 5. e4 Nxc3 6. bxc3 Bg7 7. Bc4 c5 8. Ne2 O-O 9. O-O Qc7 10. Bb3 Nc6 11. Bf4 e5 12. dxe5 Nxe5 13. Bd5 Rd8 14. Qc2 Rb8 15. Rfd1 b6 16. c4 Be6 17. Rab1 Rbc8 18.
a4 Bxd5 19. exd5 Qb7 20. a5 Re8 21. axb6 axb6 22. Rb5 Nd7 23. h3 Re7 24. Nc3 Rce8 25. Be3 Ne5 26. Ne4 Nxc4 27. Qxc4 Rxe4 28. Qxc5 bxc5 29. Rxb7 c4 30. d6 c3 31. d7 Rd8 32.
Rc7 Re7 33. Rc8 Rxd7 34. Rxd8+ Rxd8 1-0

[Event "*** Titled Tuesday Blitz"]
[Site "Chess.com"]
[Date "2018.12.04"]
[Round "9"]
[White "MatyChess1"]
[Black "MFBerna"]
[Result "0-1"]
[WhiteElo "2503"]
[BlackElo "2385"]
[TimeControl "180+2"]
[EndTime "15:09:40 PST"]
[Termination "MFBerna won on time"]

1. e4 c6 2. c4 d5 3. cxd5 cxd5 4. exd5 Qxd5 5. Nc3 Qd8 6. d4 Nf6 7. Nf3 g6 8. Bc4 Bg7 9. O-O O-O 10. h3 b6 11. Re1 Bb7 12. Bg5 Nc6 13. a3 Rc8 14. Ba2 Re8 15. Qd2 Na5 16. Ne5 e6 17. Qf4 Qe7 18. d5 exd5 19. Nf3 Qc7 20. Qh4 Ne4 21. Nxd5 Bxd5 22. Bxd5 Nd6 23. Bf4 Qd8 24. Rxe8+ Nxe8 25. Ng5 Qxd5 26. Qxh7+ Kf8 27. Re1 Nf6 28.
Qh4 Re8 29. Rc1 Nc6 0-1

[Event "*** Titled Tuesday Blitz"]
[Site "Chess.com"]
[Date "2018.12.04"]
[Round "9"]
[White "PowerThinking2650"]
[Black "MerdeNoms943"]
[Result "0-1"]
[WhiteElo "2257"]
[BlackElo "2330"]
[TimeControl "180+2"]
[EndTime "15:09:45 PST"]
[Termination "MerdeNoms943 won on time"]

1. e4 c5 2. Nf3 d6 3. Nc3 Nf6 4. g3 Nc6 5. Bg2 g6 6. O-O Bg7 7. d3 O-O 8. h3 Rb8 9. a4 a6 10. Be3 b5 11. axb5 axb5 12. Qd2 b4 13. Nd1 Bb7 14.
Nh4 e5 15. Bh6 Nd4 16. Bxg7 Kxg7 17. Ne3 d5 18. exd5 Nxd5 19. Nc4 Nf4 20. Bxb7 Rxb7 21. Nxe5 Nxh3+ 22. Kh2 Qd5 23. Rae1 Re7 24. Ng4 Ng5 25. Re3 Ngf3+ 26. Nxf3 Nxf3+ 27. Rxf3 Qxf3 28. Qh6+ Kg8 29. Qh4 Re6 30. Ne3 Rxe3 31. Kg1 Re2 32. Qh3 Rfe8 33.
Qd7 Re1 0-1

[Event "*** Titled Tuesday Blitz"]
[Site "Chess.com"]
[Date "2018.12.04"]
[Round "9"]
[White "Wolverine_master"]
[Black "FearNoEvil12"]
[Result "1-0"]
[WhiteElo "2137"]
[BlackElo "1983"]
[TimeControl "180+2"]
[EndTime "15:09:45 PST"]
[Termination "Wolverine_master won by resignation"]

1. Nf3 b5 2. g3 a6 3. Bg2 Bb7 4. O-O Nf6 5. c4 e6 6. cxb5 axb5 7.
Qb3 b4 8. a3 Nc6 9. d3 Bd6 10.
Bg5 h6 11. Bxf6 Qxf6 12. Nbd2 Na5 13. Qc2 bxa3 14. bxa3 Nc6 15. Rfb1 Ba6 16. Ne4 Qe7 17. Nxd6+ Qxd6 18. Nd2 Nd4 19. Qd1 Rd8 20. e3 Nf5 21. d4 O-O 22. Ne4 Qe7 23. Qc2 d6 24. Qc6 Bc8 25.
a4 Qd7 26. Nc3 Ne7 27. Qxd7 Bxd7 28. Rb7 Rc8 29. a5 Rfd8 30. a6 Nc6 31. Nb5 d5 32. Nxc7 Kf8 33. a7 Nxa7 34. Raxa7 Bc6 35. Rb6 Be8 36.
Nxe8 Kxe8 37. Bf1 Kf8 38. Rbb7 Kg8 39. Rxf7 Kh8 40. Rxg7 Rb8 41. Bh3 Rd6 42. Kg2 Re8 43.
Rge7 Rxe7 44. Rxe7 Kg8 45. Rxe6 Rxe6 46. Bxe6+ Kg7 47.
Bxd5 1-0

[Event "*** Titled Tuesday Blitz"]
[Site "Chess.com"]
[Date "2018.12.04"]
[Round "9"]
[White "gemarin"]
[Black "Shahinyan_ChessMood"]
[Result "0-1"]
[WhiteElo "2052"]
[BlackElo "2645"]
[TimeControl "180+2"]
[EndTime "15:09:47 PST"]
[Termination "Shahinyan_ChessMood won by resignation"]

1. d4 e6 2. Nf3 f5 3. g3 Nf6 4. Bg2 d5 5. O-O Bd6 6. b3 Qe7 7. Bb2 O-O 8. Ne5 Nbd7 9. f3 b6 10. Nd2 Bb7 11. Qe1 Rad8 12. e3 c5 13. Qe2 cxd4 14.
exd4 Nxe5 15. dxe5 Bc5+ 16. Kh1 Nd7 17. c3 f4 18. gxf4 Qf7 19. b4 Be7 20. Nb3 Rde8 21. Bc1 Qh5 22. Nd4 Bd8 23. Be3 Nb8 24. Qf2 Nc6 25.
Nb5 Ba6 26. a4 Ne7 27. Rfe1 Nf5 28. Bd2 Bh4 29. Qf1 Bxe1 30. Qxe1 Bxb5 31. axb5 Re7 32. Kg1 Rc8 33. Qe2 Qg6 34. Qd3 Rc4 35. Kh1 Qh5 36. Kg1 Qg6 37. Kh1 Ng3+ 38. hxg3 Qxd3 0-1

[Event "*** Titled Tuesday Blitz"]
[Site "Chess.com"]
[Date "2018.12.04"]
[Round "9"]
[White "chidori_boruto"]
[Black "SanchezKelvin"]
[Result "1-0"]
[WhiteElo "2575"]
[BlackElo "2492"]
[TimeControl "180+2"]
[EndTime "15:09:56 PST"]
[Termination "chidori_boruto won on time"]

1. d4 Nf6 2. Nf3 c5 3. d5 g6 4. Nc3 Bg7 5. e4 d6 6. Bb5+ Nfd7 7. a4 O-O 8. O-O Na6 9. Re1 Nc7 10. Bf1 Nf6 11. h3 e6 12. Bg5 exd5 13. exd5 h6 14. Bf4 b6 15. Bc4 a6 16. Qd2 Kh7 17. Re2 Rb8 18.
Ne4 b5 19. axb5 axb5 20. Ba2 Nxe4 21. Rxe4 Bxb2 22. Rae1 Bg7 23. c4 bxc4 24. Bxc4 Ba6 25. Ba2 Rb2 26. Qa5 Rb5 27. Qa4 g5 28. Bg3 Rb6 29. Re7 Bb5 30. Bb1+ Kg8 31. Qa7 Na8 32. h4 Ra6 33. Qb7 Rb6 34. Qa7 g4 35. Nh2 h5 36.
Qa2 f5 37. Bf4 c4 38. Bg5 Qc8 39. Qa7 Bh8 40. Bh6 1-0

[Event "*** Titled Tuesday Blitz"]
[Site "Chess.com"]
[Date "2018.12.04"]
[Round "9"]
[White "SerGo055"]
[Black "Chessialist"]
[Result "1-0"]
[WhiteElo "2469"]
[BlackElo "2462"]
[TimeControl "180+2"]
[EndTime "15:09:59 PST"]
[Termination "SerGo055 won by resignation"]

1. d4 Nf6 2. Nf3 d5 3. c4 c6 4.
Nc3 dxc4 5. a4 Bf5 6. e3 e6 7.
Bxc4 Bb4 8. Qb3 Qe7 9. a5 Na6 10. O-O O-O 11. Ne5 Bd6 12. Bxa6 bxa6 13. Qc4 c5 14. Qxa6 cxd4 15. exd4 Rfc8 16. Bg5 h6 17. Bh4 Bc7 18. Rac1 g5 19. Bg3 Bxe5 20. Bxe5 Rd8 21. Rfd1 Nd5 22. Nxd5 Rxd5 23. Rc7 Qd8 24. Rdc1 Rxd4 25.
Bxd4 Qxd4 26. Rc8+ Rxc8 27. Qxc8+ Kh7 28. Qc3 Qf4 29. Qe3 Qb4 30. Qxa7 Kg6 31. Qb6 Qd2 32. Qe3 Qxb2 33. a6 Qa2 34. a7 h5 35. h4 gxh4 36. Rc8 Qb1+ 37. Kh2 Be4 38. Rg8+ Kh7 39. Qg5 Qb2 40.
Rb8 Qa1 41. Qxh5+ Kg7 42. Qh8+ Kg6 43. Qxa1 1-0

[Event "*** Titled Tuesday Blitz"]
[Site "Chess.com"]
[Date "2018.12.04"]
[Round "9"]
[White "JMatias"]
[Black "BvsN"]
[Result "0-1"]
[WhiteElo "2339"]
[BlackElo "2289"]
[TimeControl "180+2"]
[EndTime "15:10:01 PST"]
[Termination "BvsN won by checkmate"]

1. e3 d5 2. Be2 Nf6 3. d4 Bf5 4. c4 c6 5. Nc3 e6 6. Nf3 h6 7. O-O Nbd7 8. b3 Bd6 9. Bb2 O-O 10. Re1 Ne4 11. Nxe4 Bxe4 12. Nd2 Bf5 13. f3 Qh4 14.
Nf1 Bb4 15. g3 Qe7 16. Nd2 Nf6 17. Bf1 a5 18. a3 Bd6 19. Bg2 Bh7 20. e4 dxe4 21.
fxe4 e5 22. d5 Bc5+ 23. Kh1 h5 24. h3 Bg6 25. Rf1 h4 26. g4 Nh7 27. Nf3 Bxe4 28.
Nxe5 Bxg2+ 29. Kxg2 cxd5 30. cxd5 Rad8 31. Qd2 Nf6 32. Rae1 Nxd5 33. Nc4 Ne3+ 34. Qxe3 Bxe3 35. Rxe3 Qg5 36. Rf5 Qg6 37. Ne5 Rd2+ 38. Kf3 Qe6 39. Bc3 Qd5+ 40. Kf4 Rf2+ 41. Nf3 Qd6+ 42. Be5 Qh6+ 43.
g5 Qh5 44. Ke4 Qg6 45. Nxh4 Qc6+ 46. Kd3 Rd8+ 47. Bd4 Qc2# 0-1

[Event "*** Titled Tuesday Blitz"]
[Site "Chess.com"]
[Date "2018.12.04"]
[Round "9"]
[White "Vadim_Biliy"]
[Black "BIG_Pirate"]
[Result "0-1"]
[WhiteElo "2127"]
[BlackElo "2345"]
[TimeControl "180+2"]
[EndTime "15:10:05 PST"]
[Termination "BIG_Pirate won by resignation"]

1. e4 d5 2. d3 dxe4 3. dxe4 Qxd1+ 4. Kxd1 e5 5. c3 Be6 6. Nd2 Bc5 7. f3 Nd7 8. Bc4 Bxc4 9. Nxc4 O-O-O 10. Kc2 b5 11. Na5 Ne7 12. b4 Bb6 13. a4 Bxa5 14. bxa5 bxa4 15. Rxa4 a6 16. Be3 Nc6 17. Nh3 f6 18. Rha1 Nf8 19. Rc4 Nb8 20. Nf2 Ne6 21. Nd3 Rd6 22.
Nc5 Nxc5 23. Rxc5 Rc6 24. Rd1 Rxc5 25. Bxc5 Nc6 26. Bb4 Rd8 27. Rxd8+ Kxd8 28. Kd3 Kd7 29. Kc4 Nd8 30. Kd5 Ne6 31. g3 h5 32. Ba3 g5 33.
Bc1 g4 34. fxg4 hxg4 35. Be3 c6+ 36. Kc4 Ke7 37. Kd3 Kf7 38. Ke2 Kg6 39. Kf2 f5 40.
exf5+ Kxf5 41. Kg2 Ke4 42. Ba7 Ng5 43. Bb8 Nh3 44. c4 Kd4 45. c5 e4 46. Bd6 Kd3 47. Kf1 e3 48. Ke1 Ng1 49. h4 gxh3 50. g4 Nf3+ 51. Kf1 e2+ 52. Kf2 e1=Q+ 53. Kxf3 Qe2+ 54. Kg3 h2 0-1

[Event "*** Titled Tuesday Blitz"]
[Site "Chess.com"]
[Date "2018.12.04"]
[Round "9"]
[White "RiskyDecision"]
[Black "Evgeny81"]
[Result "1-0"]
[WhiteElo "2434"]
[BlackElo "2505"]
[TimeControl "180+2"]
[EndTime "15:10:06 PST"]
[Termination "RiskyDecision won on time"]

1. d4 d5 2. c4 c6 3. cxd5 cxd5 4. Bf4 Nc6 5. e3 Nf6 6. Nc3 e6 7. Bd3 Bd6 8. Bxd6 Qxd6 9. f4 O-O 10. Nf3 Bd7 11. O-O Rfc8 12. Ne5 Be8 13. Rf3 g6 14. Rh3 Ne7 15. Qe1 Nf5 16. g4 Ng7 17. Qh4 Qd8 18.
Qh6 Rc7 19. f5 exf5 20. gxf5 Nfh5 21. Rf1 b5 22. f6 Rxc3 23. fxg7 Rxd3 24. Nxd3 Bd7 25.
Rxh5 gxh5 26. Ne5 Be6 27. Rf6 Qc8 28. Qf4 Qc1+ 29. Kg2 Qxb2+ 30. Kg3 Qc1 31. Qf2 Qb1 32. Rxf7 h4+ 33. Kxh4 h5 34. Rf8+ Kh7 35. Rxa8 Qe4+ 36. Qf4 1-0

[Event "*** Titled Tuesday Blitz"]
[Site "Chess.com"]
[Date "2018.12.04"]
[Round "9"]
[White "Godzillator"]
[Black "nurmiTV"]
[Result "0-1"]
[WhiteElo "2366"]
[BlackElo "2476"]
[TimeControl "180+2"]
[EndTime "15:10:13 PST"]
[Termination "nurmiTV won by resignation"]

1. d4 Nf6 2. c4 e6 3. Nc3 Bb4 4. Qc2 O-O 5. a3 Bxc3+ 6. Qxc3 b6 7. Bg5 Bb7 8. e3 d5 9. cxd5 Qxd5 10. Bxf6 gxf6 11.
Qxc7 Rc8 12. Qg3+ Kh8 13. Bd3 Qb3 14. Rd1 Qxb2 15. Ne2 Qxa3 16. O-O Nd7 17. Qh4 f5 18. Nf4 Rg8 19. g3 Qd6 20. f3 a5 21. Nh5 a4 22.
Bb5 Bc6 23. Bxc6 Qxc6 24. Qe7 Rae8 25. Qxf7 Qd6 26. Nf6 Rxg3+ 27. Kh1 Re7 28. Qh5 Nxf6 29. Qh4 Rg6 30. Rc1 Kg7 31. Rc8 e5 32. Rfc1 exd4 33. R1c6 Qd5 34. e4 fxe4 35. Rxf6 Rxf6 36. Rh8 Kxh8 37. Qxf6+ Rg7 38. Qf8+ Qg8 39. Qf6 exf3 40. h4 d3 41. h5 Qf7 42. Qd8+ Rg8 43. Qh4 Qg7 0-1

[Event "*** Titled Tuesday Blitz"]
[Site "Chess.com"]
[Date "2018.12.04"]
[Round "9"]
[White "AndrBaryshpolets"]
[Black "GadimbayliA"]
[Result "0-1"]
[WhiteElo "2580"]
[BlackElo "2701"]
[TimeControl "180+2"]
[EndTime "15:10:16 PST"]
[Termination "GadimbayliA won by resignation"]

1. d4 Nf6 2. c4 e5 3. dxe5 Ng4 4. Bf4 Nc6 5. Nf3 Bb4+ 6. Nc3 Qe7 7. Qd5 Bxc3+ 8.
bxc3 f6 9. exf6 Nxf6 10. Qd3 d6 11. g3 O-O 12. Bg2 Ne4 13. O-O Bf5 14. Nd4 Nxd4 15.
cxd4 Nxf2 16. Qe3 Nh3+ 17. Kh1 Qd7 18. Bxb7 Rae8 19. Bd5+ Kh8 20. Qd2 Be4+ 21. Bxe4 Rxe4 22. Be3 Rfe8 23. Rf3 Qc6 24. d5 Qxc4 25. Raf1 h6 26.
Bxh6 Rxe2 27. Bxg7+ Kxg7 28. Rf7+ Kg8 29. Qh6 Qxd5+ 30.
R1f3 Qxf7 31. Rxf7 Kxf7 32. Qh5+ Kf6 33. Qh6+ Ke5 34.
Qxh3 Kd5 35. Qh5+ R8e5 36. Qf3+ Kd4 37. Qf4+ R5e4 38. Qf6+ Kd5 39. Qf5+ Kc6 40. Qf3 d5 41. h4 Rxa2 42. Qc3+ Rc4 43. Qe3 a5 44. h5 Rcc2 45. Qe6+ Kc5 46. Qe7+ Kb6 47. Qe1 Rh2+ 48. Kg1 Rag2+ 49.
Kf1 Rh1+ 50. Kxg2 Rxe1 51. g4 a4 52. h6 a3 53. h7 Re8 54. g5 a2 55. g6 a1=Q 0-1

[Event "*** Titled Tuesday Blitz"]
[Site "Chess.com"]
[Date "2018.12.04"]
[Round "9"]
[White "martinique24"]
[Black "GMMatamoros"]
[Result "0-1"]
[WhiteElo "2422"]
[BlackElo "2537"]
[TimeControl "180+2"]
[EndTime "15:10:20 PST"]
[Termination "GMMatamoros won on time"]

1. e4 c5 2. Nf3 Nc6 3. d4 cxd4 4. Nxd4 e5 5. Nb5 d6 6. N1c3 a6 7. Na3 Be7 8. Nd5 Nf6 9. Be3 Nxd5 10. exd5 Nd4 11. Bxd4 exd4 12. Qxd4 O-O 13. O-O-O Bf6 14. Qe4 Re8 15. Qf3 b5 16. Bd3 Qa5 17. Bf5 Bxf5 18. Qxf5 Qb4 19. c3 Bxc3 20. Qc2 Rac8 21. Kb1 Bf6 22. Qd2 Qe4+ 23. Nc2 Qxg2 24. Nb4 Qe4+ 25.
Ka1 Qe2 26. Nc6 g6 27. Qb4 Re4 28. Qd2 Rce8 29. a3 Qf3 30. Qd3 Qxf2 31. Rd2 Re1+ 32. Rxe1 Qxe1+ 33. Ka2 Re3 34. Qc2 Qf1 35. Rf2 Qh1 36.
Rxf6 Qxd5+ 37. b3 a5 38. Rf2 a4 39. Qb2 axb3+ 0-1

[Event "*** Titled Tuesday Blitz"]
[Site "Chess.com"]
[Date "2018.12.04"]
[Round "9"]
[White "ckgchess"]
[Black "Hrant_ChessMood"]
[Result "0-1"]
[WhiteElo "2620"]
[BlackElo "2935"]
[TimeControl "180+2"]
[EndTime "15:10:23 PST"]
[Termination "Hrant_ChessMood won by resignation"]

1. e4 c5 2. Nf3 Nc6 3. Bb5 g6 4.
Bxc6 dxc6 5. d3 Bg7 6. h3 b6 7. Nc3 e5 8. Be3 Qe7 9. Qd2 h6 10. O-O Nf6 11. Nh2 Nh5 12. a4 a5 13. Ng4 g5 14.
Ra3 Nf4 15. Ne2 h5 16. Nh2 Be6 17. Ng3 Qd7 18. Nf5 Bxf5 19. exf5 Qxf5 20. Rb3 Ra6 21. Re1 O-O 22. Qc3 Nd5 23. Qc4 Raa8 24. Bd2 Qg6 25.
Nf3 f6 26. Rxb6 Kh8 27. Rxc6 Qf7 28. Rxc5 Rfd8 29. Bxa5 Rd7 30. Bd2 Kh7 31. b4 Bf8 32. Rc6 Kg7 33. Bxg5 fxg5 34. Nxe5 Qf5 35. Nxd7 Qxd7 36. Rce6 Nf4 37. Qc3+ Kh7 38. Rc6 Bg7 39. Qc4 Qd5 40. Qxd5 Nxd5 41. b5 Rxa4 42. c4 Nf4 43. Rd1 Bd4 44. b6 Ra2 45. Rf1 Rb2 46. c5 g4 47.
hxg4 hxg4 48. g3 Nh3+ 49. Kg2 Nxf2 50. Rc7+ Kg6 51. Rc6+ Kg5 52. Rxf2 Bxf2 53. Kh1 Bxg3 54. Rc8 Bf4 55. Rg8+ Kh4 56. Kg1 Kg3 57. Kf1 Kf3 58.
Re8 g3 59. c6 g2+ 0-1

[Event "*** Titled Tuesday Blitz"]
[Site "Chess.com"]
[Date "2018.12.04"]
[Round "9"]
[White "toog"]
[Black "Manukyan_Artak"]
[Result "0-1"]
[WhiteElo "2225"]
[BlackElo "2411"]
[TimeControl "180+2"]
[EndTime "15:10:23 PST"]
[Termination "Manukyan_Artak won by resignation"]

1. e4 c5 2. Nf3 a6 3. c3 d5 4. exd5 Qxd5 5. d4 Bg4 6. Be2 e6 7. O-O Nf6 8. Na3 cxd4 9. Nc4 Nbd7 10. cxd4 Bxf3 11. gxf3 b5 12. Ne3 Qg5+ 13. Kh1 Bd6 14. Nc4 Bf4 15. Nd6+ Ke7 16. Ne4 Nxe4 17. fxe4 Bxc1 18.
Rxc1 Rac8 19. d5 Rxc1 20. Qxc1 Qxc1 21. Rxc1 exd5 22. exd5 Rb8 23. Rc7 Kd6 24. Rc6+ Kxd5 25. Bf3+ Ke5 26. Rxa6 Nc5 27. Ra7 Kf6 28. Kg2 g5 29. Bd5 Ne6 30. Bxe6 Kxe6 31. b3 h5 32. a4 bxa4 33. bxa4 f5 34. Kf3 Rb3+ 35. Ke2 Rb2+ 36. Ke3 Rb3+ 37. Kd4 Rf3 38. Ra6+ Kd7 39. Rg6 g4 40.
Kc5 Rxf2 41. a5 Rxh2 42. a6 Ra2 43. a7 h4 44. Kb5 Rxa7 45. Rg7+ Ke6 46. Rxa7 h3 47.
Kc4 h2 48. Ra6+ Ke5 49. Ra1 g3 50. Re1+ Kf4 51. Rf1+ Kg4 0-1

[Event "*** Titled Tuesday Blitz"]
[Site "Chess.com"]
[Date "2018.12.04"]
[Round "9"]
[White "armago"]
[Black "AsaHoffmann"]
[Result "0-1"]
[WhiteElo "2051"]
[BlackElo "2225"]
[TimeControl "180+2"]
[EndTime "15:10:24 PST"]
[Termination "AsaHoffmann won on time"]

1. d4 Nf6 2. c4 c5 3. d5 e5 4. Nc3 d6 5. e4 Be7 6. Bd3 Nbd7 7. Nge2 Nf8 8. Bc2 Ng6 9. Ba4+ Bd7 10. O-O O-O 11.
Bxd7 Qxd7 12. f3 Nh5 13. a3 a6 14. b4 b6 15. Rb1 Rab8 16. bxc5 bxc5 17. Bd2 Nhf4 18.
g3 Nxe2+ 19. Nxe2 h6 20. Nc3 Bg5 21. f4 exf4 22. gxf4 Bf6 23. e5 dxe5 24. Ne4 Rxb1 25. Qxb1 Qg4+ 26. Kh1 exf4 27. Nxf6+ gxf6 28. Bxf4 Kh7 29. Bg3 Qxc4 30. d6 Qd4 31. Qf5 Kg7 32. Bf2 Qxd6 33.
Bxc5 Qc6+ 34. Kg1 Re8 35. Bd4 Re6 36. a4 Qd6 37. Ba1 Qb6+ 38. Kh1 a5 39. Qb5 Qxb5 40. axb5 Ne5 41. Bd4 Rd6 42. Rf4 Rd5 43. b6 Rb5 44. Rf2 a4 45. Ra2 Rb4 46. Bc5 Rb5 47. Be3 Nc4 48. Bd4 a3 49. Kg1 Kg6 50. Kf2 Kf5 51. Ke2 Ke4 52. Bg1 Rb2+ 0-1

[Event "*** Titled Tuesday Blitz"]
[Site "Chess.com"]
[Date "2018.12.04"]
[Round "9"]
[White "Zarikovs1999"]
[Black "NemtsevIgor"]
[Result "1-0"]
[WhiteElo "2351"]
[BlackElo "2324"]
[TimeControl "180+2"]
[EndTime "15:10:24 PST"]
[Termination "Zarikovs1999 won by resignation"]

1. Nf3 c6 2. g3 d6 3. Bg2 Nd7 4. O-O Qa5 5. c4 g5 6. d4 g4 7. Nfd2 Bg7 8. Nb3 Qf5 9. Nc3 h5 10. e4 Qh7 11. h4 gxh3 12. Bxh3 Ndf6 13. Bxc8 Rxc8 14. Bg5 Bh6 15. Qd2 Qg7 16. Bxh6 Rxh6 17. Kg2 h4 18. Rh1 Kd7 19. e5 Ng4 20. Qf4 dxe5 21. dxe5 Nxe5 22. Rad1+ Ke8 23. Rxh4 Rf6 24. Qe3 Rf3 25. Qxa7 Qf6 26. Rd2 Nd3 27. Rxd3 Rxd3 28. Qxb7 Rcd8 29. Rf4 Qd6 30. Ne4 Qg6 31. Nbc5 Rd1 32. a4 f5 33. Nc3 Nf6 34. Ne6 R8d7 35. Qc8+ Rd8 36. Qxc6+ R8d7 37. Nxd1 Ne4 38. Nc7+ Kd8 39.
Qxg6 Kxc7 40. Qxf5 e6 41. Qxe4 Rxd1 42. Qe5+ 1-0